 Dungeon Crawl Stone Soup version 0.30-a0-596-g0af90f9a20 (webtiles) character file.

Game seed: 7923236612388498123

809 porpoise the Chopper (level 7, 0/38 HPs)
             Began as a Vine Stalker Gladiator on Jan 7, 2023.
             Slain by a lemure (7 damage)
             ... led by Pikel
             ... on level 4 of the Dungeon.
             The game lasted 00:11:44 (4156 turns).

porpoise the Chopper (Vine Stalker Gladiator)       Turns: 4156, Time: 00:11:44

Health: 0/38       AC:  8    Str: 16    XL:     7   Next: 92%
Magic:  0/8        EV: 11    Int: 10    God:
Gold:   137        SH:  0    Dex: 16    Spells: 4/6 levels left

rFire   . . .      SeeInvis .    a - +0 hand axe (venom)
rCold   . . .      Faith    .    (no shield)
rNeg    . . .      Spirit   +    l - +0 ring mail
rPois   .          Reflect  .    c - +0 helmet
rElec   .          Harm     .    A - +0 cloak
rCorr   .          Rampage  .    B - +0 pair of gloves
Will    .....                    (no boots)
Stlth   +                        (no amulet)
HPRegen 1.06/turn                (no ring)
MPRegen 0.11/turn                (no ring)

@: no status effects
A: fangs 2, regeneration 1, magic shield, antimagic bite, no potion heal 2
a: no special abilities


You were on level 4 of the Dungeon.
You visited 1 branch of the dungeon, and saw 4 of its levels.
You also visited: Sewer.

You collected 137 gold pieces.

Inventory:

Hand Weapons
 a - a +0 hand axe of venom (weapon)
 b - a +0 sling
 w - a +0 war axe
 y - a +2 dagger of venom
Missiles
 d - 3 throwing nets (quivered)
 e - a javelin
 g - 9 poisoned darts
 x - 2 boomerangs
Armour
 c - a +0 helmet (worn)
 l - a +0 ring mail (worn)
 A - a +0 cloak (worn)
 B - a +0 pair of gloves (worn)
Magical Staves
 f - a staff of cold
Jewellery
 m - a ring of ice
Scrolls
 i - a scroll of summoning {unknown}
 n - a scroll of enchant armour {unknown}
 p - 2 scrolls of teleportation
 t - a scroll of identify {unknown}
 D - a scroll of noise
Potions
 h - a potion of ambrosia {unknown}
 j - a potion of lignification {unknown}
 k - 3 potions of curing {unknown}
 q - a potion of invisibility {unknown}
 r - a potion of haste {unknown}
 s - a potion of cancellation {unknown}
 u - a potion of brilliance {unknown}
 v - a potion of mutation {unknown}
 z - a potion of heal wounds {unknown}
 C - 2 potions of attraction {unknown}


   Skills:
 + Level 4.7 Fighting
 * Level 7.0 Axes
 - Level 1.7 Throwing
 - Level 2.4 Dodging


You had 4 spell levels left.
You knew the following spells:

 Your Spells              Type           Power      Damage    Failure   Level
w - Wereblood             Tmut           0%         N/A       73%         2

Your spell library contained the following spells:

 Spells                   Type           Power      Damage    Failure   Level
 Beastly Appendage        Tmut           0%         N/A       58%         1
 Spider Form              Tmut/Pois      0%         N/A       91%         3


Dungeon Overview and Level Annotations

Branches:
Dungeon (4/15)              Sewer (visited)
 Temple: D:4-7

Altars:

Annotations:
D:4 Pikel


Innate Abilities, Weirdness & Mutations

You have extremely sharp teeth.
Your natural rate of healing is unusually fast.
When hurt, damage is shared between your health and your magic reserves.
Your bite disrupts and absorbs the magic of your enemies.
Potions cannot restore your health.


Message History

The lemure shouts! x3
You see here a poisoned dart.
Throw: 10 darts (poison)
Press: ? - help, Q - select action, (/) - cycle Shift-Dir - straight line You throw a poisoned dart.
The poisoned dart hits Pikel.
Pikel is poisoned.
The lemure hits you.
Throw: dart (curare)
Press: ? - help, Q - select action, (/) - cycle Shift-Dir - straight line, f - Pikel
Aim: Pikel, wielding a +2 whip of freezing and wearing a +0 robe (lightly wounded, poisoned, 55% to hit)
You throw a curare-tipped dart.
The curare-tipped dart barely misses Pikel.
Pikel says, "You'll feel the lick of my whip!"
Pikel hits you with a +2 whip of freezing!
Pikel freezes you. The lemure hits you but does no damage.
Throw: 3 throwing nets
Press: ? - help, Q - select action, (/) - cycle Shift-Dir - straight line, f/p - Pikel
Aim: Pikel, wielding a +2 whip of freezing and wearing a +0 robe (poisoned, 55% to hit)
Okay, then.
Unknown command.
You barely miss Pikel. You bite Pikel, but do no damage.
You hit the lemure but do no damage.
The lemure is poisoned.
You hit the lemure but do no damage.
The lemure is poisoned.
Pikel hits you with a +2 whip of freezing.
Pikel freezes you. The lemure completely misses you.
The lemure barely misses you.
You hit Pikel.
Pikel looks as sick as possible!
Pikel is lightly wounded.
You barely miss the lemure. You closely miss the lemure.
Pikel hits you with a +2 whip of freezing!
Pikel freezes you. The lemure completely misses you.
The lemure barely misses you.
You barely miss Pikel.
Pikel is lightly wounded.
You hit the lemure. You miss the lemure. You barely miss the lemure.
Pikel hits you with a +2 whip of freezing!
* * * LOW HITPOINT WARNING * * *
Pikel freezes you.
* * * LOW HITPOINT WARNING * * *
The lemure hits you!
You die...

..
..#.....#.#######..#..##.÷..
...........................
..........#..[.............
#..........†######..###....
#.............#............
#........##.#.#.##..###.###
#.......###.#...##......#
#.......###5.....##.#####
#.......#.@5.........######
#.......#5K5....###........
#.......#.......# ##..#####
#########.(.)...# ##.#
####(...# #.. .55.5..(...#
###. #.K....(..## .+
#......(..# + #.5....(..#


You could see Pikel (extremely poisoned) and 4 lemures.

Vanquished Creatures
  A sky beast (D:4)
  2 ogres (D:4)
  4 kobold brigands (Sewer)
  2 orc priests (D:4)
  7 adders
  4 river rats (Sewer)
  4 worms
  A dart slug (D:3)
  3 orcs
  9 ball pythons
  12 endoplasms
  5 giant cockroaches
  3 goblins
  12 hobgoblins
  3 quokkas
  A bat (D:1)
  2 frilled lizards
  16 kobolds
  6 rats
97 creatures vanquished.

Notes
Turn   | Place    | Note
-------+----------+-------------------------------------------
     0 | D:1      | porpoise the Vine Stalker Gladiator began the quest for the
                  | Orb.
     0 | D:1      | Reached XP level 1. HP: 11/11 MP: 2/2
   209 | D:1      | Reached skill level 3 in Axes
   209 | D:1      | Reached XP level 2. HP: 7/15 MP: 1/3
   336 | D:1      | Found a faded altar of an unknown god.
   635 | D:1      | Reached XP level 3. HP: 18/18 MP: 4/4
  1709 | D:2      | Gained mutation: Your natural rate of healing is unusually
                  | fast. [Vine Stalker growth]
  1709 | D:2      | Reached XP level 4. HP: 23/23 MP: 5/5
  2084 | D:3      | Found a glowing drain.
  2108 | D:3      | Reached skill level 4 in Axes
  2135 | Sewer    | Entered a sewer
  2184 | Sewer    | Noticed a kobold brigand
  2200 | Sewer    | Killed a kobold brigand
  2201 | Sewer    | Reached XP level 5. HP: 18/28 MP: 4/6
  2329 | Sewer    | Noticed a kobold brigand
  2352 | Sewer    | Killed a kobold brigand
  2353 | Sewer    | Reached skill level 5 in Axes
  2353 | Sewer    | Reached XP level 6. HP: 28/32 MP: 4/7
  2840 | Sewer    | Reached XP level 7. HP: 37/37 MP: 4/8
  3355 | D:3      | Reached skill level 6 in Axes
  3977 | D:4      | Learned a level 2 spell: Wereblood
  4043 | D:4      | Reached skill level 7 in Axes
  4144 | D:4      | Noticed Pikel
  4156 | D:4      | Slain by a lemure

Illustrated notes

Levels and vault maps discovered:
D:1:      dpeg_arrival_rhombus, layout_loops_ring, basic_ecumenical_altar,
          chequers_serial_rivers_small_3, minmay_bisected
D:2:      layout_loops_ring
D:3:      layout_basic, cheibrodos_sewer_entry_drain
D:4:      layout_basic, kennysheep_cross_bottleneck, uniq_pikel

Skill      XL: |  1  2  3  4  5  6  7 |
---------------+----------------------+-----
Fighting       | 2 3 4 |  4.7
Axes           | 3 4 5 7 |  7.0
Throwing       | |  1.7
Dodging        | |  2.4

Action                   |  1- 3 |  4- 6 |  7- 9 || total
-------------------------+-------+-------+-------++-------
Melee: War axe           |    89 |   124 |    52 ||   265
       Bite              |    16 |    27 |    25 ||    68
       Punch             |     2 |     1 |     1 ||     4
       Hand axe          |       |       |    16 ||    16
 Fire: Sling             |     9 |       |       ||     9
Throw: Dart              |     8 |       |    10 ||    18
  Use: Scroll            |       |     3 |       ||     3
 Stab: Sleeping          |     1 |       |       ||     1
Armor: Leather armour    |     9 |       |       ||     9
       Ring mail         |    16 |    35 |    25 ||    76
Dodge: Dodged            |    41 |    70 |    36 ||   147

Table legend: (Time is in decaauts)
 A = Elapsed time spent in this place.
 B = Non-inter-level travel time spent in this place.
 C = Inter-level travel time spent in this place.
 D = Time resting spent in this place.
 E = Time spent auto-exploring this place.
 F = Levels seen in this place.
 G = Mean time per level.
                   A        B        C        D        E       F      G
               +--------+--------+--------+--------+--------+-----+--------+
         Total |   4414 |   4311 |    103 |    844 |   2368 |   5 |  882.8 |
       Dungeon |   3448 |   3345 |    103 |    730 |   1933 |   4 |  862.0 |
         Sewer |    966 |    966 |      0 |    114 |    435 |   1 |  966.0 |
               +--------+--------+--------+--------+--------+-----+--------+

Top non-repeatable levels by time:
     D:1: 1133 daAuts
   Sewer: 966 daAuts
     D:2: 921 daAuts
     D:4: 698 daAuts
     D:3: 695 daAuts
